 Dungeon Crawl Stone Soup version 0.29.0-4-gdea44cf6ec (webtiles) character file.

Game seed: 17772642130625938289

81 qw the Chopper (level 4, -17/26 HPs)
             Began as a Tengu Warper on Aug 28, 2022.
             Killed from afar by a steam dragon (18 damage)
             ... with a ball of steam
             ... on level 3 of the Dungeon.
             The game lasted 00:00:13 (2177 turns).

qw the Chopper (Tengu Warper)                       Turns: 2177, Time: 00:00:13

Health: -17/26     AC:  5    Str: 14    XL:     4   Next: 42%
Magic:  8/8        EV: 11    Int: 13    God:
Gold:   102        SH:  0    Dex: 13    Spells: 7/7 levels left

rFire   . . .      SeeInvis .   Y - +0 hand axe
rCold   . . .      Faith    .   (no shield)
rNeg    . . .      Spirit   .   f - +0 ring mail
rPois   .          Reflect  .   (helmet restricted)
rElec   .          Harm     .   (no cloak)
rCorr   .          Rampage  .   (no gloves)
Will    .....                   (boots unavailable)
Stlth   +.........              (no amulet)
HPRegen 0.08/turn               (no ring)
MPRegen 0.11/turn               (no ring)

@: no status effects
A: beak, talons 3
a: no special abilities


You were on level 3 of the Dungeon.
You visited 1 branch of the dungeon, and saw 3 of its levels.

You collected 102 gold pieces.


Innate Abilities, Weirdness & Mutations

You have a beak for a mouth.
You have claws for feet.


   Skills:
 - Level 2.0 Fighting
 + Level 5.0 Axes
 - Level 1.0 Throwing
 - Level 1.1 Armour
 - Level 2.1 Dodging
 - Level 2.0 Spellcasting
 - Level 2.4 Translocations


You had 7 spell levels left.
You didn't know any spells.
Your spell library contained the following spells:

 Spells                   Type           Power      Damage    Failure   Level
 Blink                    Tloc           14%        N/A       30%         2
 Gell's Gravitas          Tloc           7%         N/A       52%         3
 Lesser Beckoning         Tloc           7%         N/A       52%         3
 Teleport Other           Tloc           7%         N/A       52%         3
 Manifold Assault         Tloc           7%         N/A       99%         5

Inventory:

Hand Weapons
 j - a +0 mace
 Y - a +0 hand axe (weapon)
Armour
 f - a +0 ring mail (worn)
Scrolls
 c - a scroll of identify
Potions
 e - a potion of flight {unknown}
 k - a potion of haste {unknown}

Dungeon Overview and Level Annotations

Branches:
Dungeon (3/15)

Altars:


Message History

A kobold comes into view. It is wielding a +0 whip.
The steam dragon barely misses you. The steam dragon closely misses you.
You barely miss the steam dragon.
The kobold shouts!
You claw the steam dragon, but do no damage.
You peck the steam dragon.
The steam dragon is heavily wounded.
The steam dragon bites you. The steam dragon barely misses you.
You hit the steam dragon. You claw the steam dragon.
The steam dragon is severely wounded.
The steam dragon breathes steam at you. The ball of steam hits you!
2172 ||| DRINKING potion of heal wounds.
You feel much better.
You are engulfed in a cloud of scalding steam.
The steam dragon bites you. The steam dragon closely misses you.
You hit the steam dragon. Your kick misses the steam dragon.
The steam dragon is almost dead.
The steam dragon bites you. The steam dragon claws you.
You hit the steam dragon. Your kick misses the steam dragon.
The steam dragon is almost dead.
The steam dragon misses you.
The steam dragon claws you but does no damage.
You closely miss the steam dragon.
You peck the steam dragon, but do no damage.
The steam dragon is almost dead.
The steam dragon barely misses you. x2
You barely miss the steam dragon.
The steam dragon is almost dead.
You hit the kobold. The kobold hits you but does no damage.
The steam dragon bites you. The steam dragon claws you.
You barely miss the steam dragon. Your peck misses the steam dragon.
The steam dragon is almost dead.
You hit the kobold but do no damage. The kobold misses you.
The steam dragon breathes steam at you. The ball of steam hits you!!
Ouch! That really hurt!
You die...

...# ...# ...#
...# ...###.
.......
########K......
#......@D......
#.....<......#?
#............#
#............#
#............#
#............#
##############


You could see a steam dragon (catching breath) and a kobold.

Vanquished Creatures
  4 adders (D:2)
  2 endoplasms (D:1)
  4 giant cockroaches
  4 goblins
  7 hobgoblins
  2 jackals (D:1)
  5 kobolds
  2 quokkas
  3 ball pythons
  3 bats
  4 frilled lizards
  5 rats
45 creatures vanquished.

Notes
Turn   | Place    | Note
-------+----------+-------------------------------------------
     0 | D:1      | qw the Tengu Warper began the quest for the Orb.
     0 | D:1      | Reached XP level 1. HP: 12/12 MP: 4/4
     0 | D:1      | 0 ||| qw: Version: 0.1-a-89-g26bdef1
     0 | D:1      | 0 ||| qw: Game counter: 2085
     0 | D:1      | 0 ||| qw: Always use a shield: true
     0 | D:1      | 0 ||| qw: God list: Okawaru
     0 | D:1      | 0 ||| qw: Allow faded altars: false
     0 | D:1      | 0 ||| qw: Do Orc after D:15 true
     0 | D:1      | 0 ||| qw: Do second Lair branch before Depths: true
     0 | D:1      | 0 ||| qw: Lair rune preference: random
     0 | D:1      | 0 ||| qw: Plans: Normal
     0 | D:1      | 0 ||| PLANNING D:1-11
   126 | D:1      | 126 ||| Stepping ~*~*~tactically~*~*~ (stealth).
   133 | D:1      | 133 ||| Stepping ~*~*~tactically~*~*~ (stealth).
   136 | D:1      | Reached XP level 2. HP: 12/17 MP: 6/6
   151 | D:1      | 151 ||| Stepping ~*~*~tactically~*~*~ (stealth).
   179 | D:1      | 179 ||| Stepping ~*~*~tactically~*~*~ (stealth).
   184 | D:1      | Reached skill level 3 in Axes
   241 | D:1      | 241 ||| Stepping ~*~*~tactically~*~*~ (stealth).
   244 | D:1      | 244 ||| Stepping ~*~*~tactically~*~*~ (stealth).
   462 | D:1      | 462 ||| Stepping ~*~*~tactically~*~*~ (stealth).
   660 | D:1      | Reached XP level 3. HP: 21/21 MP: 7/7
   724 | D:1      | Found a faded altar of an unknown god.
   750 | D:1      | 750 ||| Stepping ~*~*~tactically~*~*~ (stealth).
   751 | D:1      | 751 ||| Stepping ~*~*~tactically~*~*~ (stealth).
   925 | D:1      | Reached skill level 4 in Axes
  1144 | D:1      | 1144 ||| UPGRADING to +0 ring mail.
  1154 | D:1      | 1154 ||| DROPPING +0 leather armour.
  1155 | D:1      | 1155 ||| READING scroll labelled BENUTO FUILIY.
  1156 | D:1      | 1156 ||| DROPPING scroll of blinking.
  1194 | D:2      | 1194 ||| STAIRDANCE
  1477 | D:2      | Reached XP level 4. HP: 26/26 MP: 8/8
  1845 | D:2      | 1845 ||| DROPPING +0 club.
  2044 | D:2      | Reached skill level 5 in Axes
  2110 | D:2      | 2110 ||| DROPPING amulet of faith.
  2111 | D:2      | 2111 ||| READING 2 scrolls labelled WIGRUU LENAIFF.
  2112 | D:2      | 2112 ||| READING 2 scrolls labelled EQELOY VOUJUOSH.
  2113 | D:2      | 2113 ||| READING scroll labelled EMNUTZ HUSO.
  2118 | D:2      | 2118 ||| READING 2 scrolls labelled QAJOODOFOQI.
  2119 | D:2      | 2119 ||| DRINKING 2 lumpy cyan potions.
  2120 | D:2      | 2120 ||| DROPPING scroll of magic mapping.
  2121 | D:2      | 2121 ||| DROPPING scroll of noise.
  2122 | D:2      | 2122 ||| DROPPING scroll of fear.
  2159 | D:3      | Noticed a steam dragon
  2160 | D:3      | 2160 ||| STAIRDANCE
  2171 | D:3      | HP: 6/26 [steam dragon/ball of steam (10)]
  2172 | D:3      | 2172 ||| DRINKING potion of heal wounds.
  2176 | D:3      | HP: 2/26 [steam dragon (6)]
  2177 | D:3      | Killed from afar by a steam dragon

Levels and vault maps discovered:
D:1:      wheals_arrival_shading, layout_basic, basic_ecumenical_altar,
          minivault_4
D:2:      layout_basic
D:3:      layout_basic, mainiacjoe_overflow_divided_tiny, minivault_14,
          uniq_grinder

Skill      XL: |  1  2  3  4 |
---------------+-------------+-----
Axes           | 3 4 5 |  5.0
Fighting       | |  2.0
Throwing       | |  1.0
Armour         | |  1.1
Dodging        | |  2.1
Spellcasting   | |  2.0
Translocations | |  2.4

Action                   |  1- 3 |  4- 6 || total
-------------------------+-------+-------++-------
Melee: Hand axe          |    82 |    42 ||   124
       Kick              |    28 |    12 ||    40
       Peck              |     5 |     6 ||    11
Throw: Boomerang         |     7 |       ||     7
  Use: Scroll            |     1 |     4 ||     5
       Potion            |       |     2 ||     2
Armor: Leather armour    |    14 |       ||    14
       Ring mail         |     6 |    12 ||    18
Dodge: Dodged            |    45 |    25 ||    70

Table legend:
 A = Non-vault XP
 B = Vault XP
 C = Vault XP percentage of total XP
 D = Non-vault monster count
 E = Vault monster count
 F = Vault count percentage of total count
                 A         B        C        D         E       F
            +---------+---------+-------+---------+---------+-------
      Total |     117 |       0 |   0.0 |      45 |       0 |   0.0
            +---------+---------+-------+---------+---------+-------
        D:1 |      49 |       0 |   0.0 |      29 |       0 |   0.0
        D:2 |      68 |       0 |   0.0 |      16 |       0 |   0.0
            +---------+---------+-------+---------+---------+-------
